 Dungeon Crawl Stone Soup version 0.25.1-2-g60ff931df9 (webtiles) character file.

Game seed: 17770247171275836633

96866 sankara the Covert (level 16, -1/97 HPs)
             Began as a Gargoyle Earth Elementalist on Sept 9, 2020.
             Was the Champion of Ashenzari.
             Killed by divine providence
             ... invoked by an orc high priest
              (12 damage)
             ... on level 2 of the Orcish Mines.
             The game lasted 02:22:00 (34025 turns).

sankara the Covert (Gargoyle Earth Elementalist)   Turns: 34025, Time: 02:22:00

Health: -1/97      AC: 36    Str: 13    XL:     16   Next: 18%
Magic:  21/32      EV: 38    Int: 17    God:    Ashenzari [******]
Gold:   956        SH: 11    Dex: 19    Spells: 11/39 levels left

rFire    . . .     SeeInvis +   a - +2 dagger (drain) (curse)
rCold    + . .     Gourm    .   N - +0 kite shield of the Turtledove {Dex+4 Slay+2} (curse)
rNeg     + + .     Faith    .   c - +5 steam dragon scales (curse)
rPois    ∞         Spirit   .   V - +2 hat {MR+} (curse)
rElec    +         Reflect  .   J - +2 cloak (curse)
rCorr    .         Harm     .   I - +0 pair of gloves {archery}
MR       +++..     Clarity  +   F - +0 pair of boots
Stlth    +++++++...             g - amulet of the acrobat (curse)
HPRegen  0.26/turn              L - ring of Bumoip Zion {Fire rN+ MR+}
MPRegen  0.23/turn              T - ring of the Nine Lives {rPois rF- rC++ AC+4 Slay+3 Stlth+} (curse)

@: acrobat, flying
A: big wings, negative energy resistance 1, electricity resistance, unbreathing,
petrification resistance, rot immunity, AC +12
a: Stop Flying, Curse Item, Scrying, Transfer Knowledge, Renounce Religion


You were on level 2 of the Orcish Mines.
You worshipped Ashenzari.
Ashenzari was exalted by your worship.
You were hungry.

You visited 4 branches of the dungeon, and saw 22 of its levels.
You also visited: Bailey.

You collected 2227 gold pieces.
You spent 1271 gold pieces at shops.

Inventory:

Hand Weapons
 a - a cursed +2 dagger of draining (weapon)
Missiles
 b - 423 stones
 e - 130 sling bullets
 i - 29 boomerangs (quivered)
 B - 5 atropa-tipped darts
 E - 3 throwing nets
 R - 17 poisoned darts
Armour
 c - cursed +5 steam dragon scales (worn)
 F - a +0 pair of boots (worn)
 I - a +0 pair of gloves of archery (worn)
 J - a cursed +2 cloak (worn)
 N - the cursed +0 kite shield of the Turtledove (worn) {Dex+4 Slay+2}
   (You found it on level 6 of the Lair of Beasts)

   It affects your dexterity (+4).
   It affects your accuracy and damage with ranged weapons and melee attacks
   (+2).
   It has a curse placed upon it.
 V - a cursed +2 hat of magic resistance (worn)
Jewellery
 g - a cursed amulet of the acrobat (around neck)
 L - the ring of Bumoip Zion (left hand) {Fire rN+ MR+}
   (You found it on level 1 of the Lair of Beasts)

   [ring of fire]

   It enhances your fire magic.
   It protects you from fire.
   It makes you vulnerable to cold.
   It protects you from negative energy.
   It affects your resistance to hostile enchantments.
 T - the cursed ring of the Nine Lives (right hand) {rPois rF- rC++ AC+4 Slay+3 Stlth+}
   (You bought it in a shop on level 4 of the Dungeon)

   [ring of protection]

   It affects your AC (+4).
   It affects your accuracy and damage with ranged weapons and melee attacks
   (+3).
   It makes you vulnerable to fire.
   It greatly protects you from cold.
   It protects you from poison.
   It makes you more stealthy.
   It has a curse placed upon it.
Wands
 h - a wand of disintegration (10)
 y - a wand of clouds (4)
 D - a wand of iceblast (5)
 P - a wand of polymorph (9)
 X - a wand of paralysis (17)
 Y - a wand of acid (16)
 Z - a wand of flame (31)
Scrolls
 l - a scroll of summoning
 m - a scroll of amnesia
 n - 8 scrolls of teleportation
 p - a scroll of remove curse
 q - a scroll of enchant weapon
 r - 2 scrolls of blinking
 s - 6 scrolls of magic mapping
 w - 3 scrolls of fear
 C - a scroll of fog
 K - 2 scrolls of acquirement {unknown}
 Q - a scroll of random uselessness {unknown}
Potions
 f - a potion of cancellation
 k - 10 potions of curing
 o - a potion of magic
 t - a potion of resistance
 u - 5 potions of ambrosia
 v - 3 potions of stabbing
 G - 3 potions of heal wounds
 H - a potion of brilliance
 M - a potion of haste
 W - a potion of lignification
Comestibles
 d - 27 rations
 j - 22 chunks of flesh


   Skills:
 + Level 10.0 Fighting
 - Level 3.0(6.8) Short Blades
 - Level 9.0 Armour
 + Level 11.1(13.9) Dodging
 + Level 12.8(15.4) Stealth
 + Level 6.1(9.2) Shields
 - Level 12.0 Spellcasting
 - Level 6.0(9.1) Conjurations
 - Level 5.9(9.0) Transmutations
 - Level 2.7(5.2) Fire Magic
 - Level 12.2(14.9) Earth Magic
 + Level 0.4(1.5) Evocations


You had 11 spell levels left.
You knew the following spells:

 Your Spells              Type           Power        Failure   Level  Hunger
a - Sandblast             Erth           ######       1%          1    None
b - Passwall              Tmut/Erth      ######..     1%          2    None
c - Stone Arrow           Conj/Erth      ######       1%          3    None
d - Petrify               Tmut/Erth      ######..     1%          4    ##.....
e - Lee's Rapid Deconstr  Erth           ######....   1%          5    ####...
f - Sticky Flame          Conj/Fire      ######..     8%          4    ##.....
g - Conjure Flame         Conj/Fire      ######..     2%          3    None
h - Apportation           Tloc           ##....       12%         1    None
i - Bolt of Magma         Conj/Fire/Erth ######....   7%          5    ####...

Your spell library contained the following spells:

 Spells                   Type           Power        Failure   Level  Hunger
 Foxfire                  Conj/Fire      ####         1%          1    None
 Dazzling Flash           Conj/Hex       ####..       6%          3    None
 Mephitic Cloud           Conj/Pois/Air  ###.....     11%         3    None
 Corona                   Hex            ##.....      12%         1    None
 Summon Butterflies       Summ           ##......     12%         1    None
 Summon Small Mammal      Summ           ##..         12%         1    None
 Inner Flame              Hex/Fire       ####....     13%         3    None
 Call Imp                 Summ           ##......     19%         2    None
 Ensorcelled Hibernation  Hex/Ice        ##....       19%         2    None
 Poisonous Vapours        Pois/Air       ##....       19%         2    None
 Fireball                 Conj/Fire      ######....   21%         5    ####...
 Call Canine Familiar     Summ           ##......     36%         3    None
 Confusing Touch          Hex            ##......     36%         3    None
 Gell's Gravitas          Tloc           ##........   36%         3    None
 Lesser Beckoning         Tloc           ##........   36%         3    None
 Summon Guardian Golem    Hex/Summ       ##......     36%         3    None
 Tukima's Dance           Hex            ##......     36%         3    None
 Alistair's Intoxication  Tmut/Pois      ####....     50%         5    ####...
 Yara's Violent Unravell  Hex/Tmut       ####......   50%         5    ####...
 Summon Ice Beast         Ice/Summ       ##......     77%         4    ##.....
 Summon Lightning Spire   Summ/Air       ##......     77%         4    ##.....
 Metabolic Englaciation   Hex/Ice        ##........   98%         5    ####...
 Freezing Cloud           Conj/Ice/Air   ###.......   99%         6    ######.
 Invisibility             Hex            ##......     100%        6    ######.
 Ring of Flames           Chrm/Fire      ####......   100%        7    #######


Dungeon Overview and Level Annotations

Branches:
Dungeon (13/15)            Temple (1/1) D:4            Lair (6/6) D:9
 Shoals (0/4) Lair:3        Snake (0/4) Lair:4        Slime (0/5) Lair:5
    Orc (2/2) D:9             Elf (0/3) Orc:2        Bailey (visited)
 Vaults: D:13-14

Altars:
Ashenzari
Cheibriados
Dithmenos
Elyvilon
Fedhas
Gozag
Hepliaklqana
Kikubaaqudgha
Makhleb
Nemelex Xobeh
Okawaru
Qazlal
Ru
Sif Muna
Trog
Uskayaw
Vehumet
Wu Jian
Xom
Yredelemnul
Zin
The Shining One

Shops:
D:4 =   D:9 [   D:11 *   Orc:1 =

Annotations:
D:3 1 runed translucent door, zergursh's ghost, amateur DrTm
D:4 2 transporters, ioannis32's ghost, novice DsBe


Innate Abilities, Weirdness & Mutations

You are resistant to torment.
Your stone body is resilient. (AC +12)
You are immune to poison.
Your large and strong wings let you fly indefinitely.
You resist negative energy. (rN+)
You are resistant to electric shocks. (rElec)
You can survive without breathing.
You are immune to petrification.
You are immune to rotting.


Message History

The orc priest calls down the wrath of Beogh upon you.
Beogh smites you!
You are feeling hungry.
The orc priest begins to cast a cantrip, but forgets the words!
The orc wizard mumbles some strange words.
The orc wizard seems to speed up.
The hellwing hits you but does no damage.
The hellwing completely misses you.
The orc priest mumbles some strange prayers to Beogh against you.
Beogh smites you!
* * * LOW HITPOINT WARNING * * *
Casting: Lee's Rapid Deconstruction (dangerous; 1% risk of failure)
Confirm with . or Enter, or press ? or * to list all spells.
Okay, then.
The orc priest invokes the aid of Beogh against you.
Beogh smites you!
* * * LOW HITPOINT WARNING * * *
The orc high priest mumbles some strange prayers to Beogh against you.
Beogh smites you!
You die...

................................
................................
................................
....#...........................*
.................................
...................#.............
...........#........#........#...
.......)#÷<.......o......>.......
........[)[.....@.4.o.o.........#
.....#.([).........oo..o.......#
....#..[###........4...........#
.......[.###.........o.o.......#,
........## ###.......#.........#,
..##.....###.##......##.....)..#{
..#......##....##..............#.
...#......##............#..o.†...
.........####..........###....).)


You could see an orc high priest, a hellwing (summoned), a chaos spawn
(summoned), 2 orc warriors, 4 orc priests and an orc wizard (fast).

Vanquished Creatures
  Gastronok (D:9)
  An orc warlord (Orc:1)
  4 entropy weavers (Lair:3)
  Snorg (D:10)
  A great orb of eyes (D:12)
  9 hydras
  4 ghost crabs (Lair:3)
  A merfolk avatar (Lair:5)
  12 two-headed ogres
  2 ogre magi
  17 death yaks
  An orc high priest (Orc:2)
  4 fire crabs (Lair:3)
  2 unseen horrors
  A deep elf mage (D:12)
  A harpy (Lair:6)
  3 oklob plants (Lair:1)
  3 orc knights (Bailey)
  3 orc sorcerers
  An orb spider (shapeshifter) (D:12)
  2 ugly things
  6 cyclopes
  25 elephants
  2 torpor snails
  4 black mambas
  20 spiny frogs
  An apocalypse crab (Lair:3)
  Psyche (D:9)
  A gargoyle (D:12)
  2 centaur skeletons
  5 komodo dragons
  Maggie (D:9)
  4 rime drakes
  An efreet (D:13)
  8 trolls
  2 polar bears (Lair:6)
  A queen bee (D:9)
  A merfolk (D:9)
  4 hornets
  A wind drake (Lair:6)
  11 dream sheep
  7 blink frogs
  A snapping turtle (Lair:3)
  7 hippogriffs
  A meliai zombie (D:13)
  A shadow (D:12)
  2 vampires
  26 yaks
  7 wyverns
  2 wraiths (D:12)
  2 hungry ghosts
  A steam dragon (Lair:4)
  3 basilisks
  4 wargs
  An acid dragon (D:12)
  16 water moccasins
  5 porcupines
  3 ice beasts
  16 orc warriors
  4 sky beasts
  2 black bears
  18 ogres
  A necrophage (D:12)
  3 phantoms
  2 centaurs
  7 wolves (Lair:6)
  13 crocodiles
  A big kobold (D:7)
  A gnoll sergeant (D:5)
  9 bullfrogs
  3 wyvern skeletons
  3 scorpions
  28 killer bees
  2 howler monkeys (D:7)
  5 electric eels
  4 crimson imps
  A centaur zombie (D:12)
  A quasit (D:9)
  19 jellies
  A gnoll shaman (D:6)
  16 orc priests
  5 hounds
  27 orc wizards
  Jessica (D:2)
  5 bullfrog skeletons
  4 iguanas
  Natasha (thrice) (D:2)
  9 worker ants
  A killer bee zombie (D:7)
  4 hound skeletons
  A worker ant zombie (D:6)
  14 gnolls
  17 adders
  4 shadow imps
  2 oozes
  An adder zombie (D:8)
  3 adder skeletons
  A worm (D:7)
  3 dart slugs (D:1)
  3 leopard geckos
  90 orcs
  2 ball pythons
  4 giant cockroaches
  10 goblins
  8 hobgoblins
  2 jackals (D:9)
  A quokka (D:2)
  11 bats
  6 frilled lizards
  14 kobolds
  8 rats
  A fungus (Lair:4)
  2 plants (Lair:1)
691 creatures vanquished.

Vanquished Creatures (others)
  A jelly (D:12)
  An orc wizard (Orc:1)
  2 bushes (Lair:3)
  4 foxfires (Lair:2)
  23 fungi
  52 plants
83 creatures vanquished.

Grand Total: 774 creatures vanquished

Notes
Turn   | Place    | Note
-------+----------+-------------------------------------------
     0 | D:1      | sankara the Gargoyle Earth Elementalist began the quest for
                  | the Orb.
     0 | D:1      | Reached XP level 1. HP: 10/10 MP: 3/3
   447 | D:1      | Reached XP level 2. HP: 15/15 MP: 3/5
   977 | D:1      | Reached XP level 3. HP: 15/19 MP: 6/6
  1057 | D:1      | Learned a level 2 spell: Passwall
  1061 | D:1      | Learned a level 3 spell: Stone Arrow
  1542 | D:2      | Reached skill level 1 in Short Blades
  1791 | D:2      | Noticed Jessica
  1795 | D:2      | Killed Jessica
  1795 | D:2      | Reached XP level 4. HP: 24/24 MP: 4/7
  1870 | D:2      | Noticed Natasha
  1876 | D:2      | Killed Natasha
  2210 | D:2      | Noticed Natasha
  2252 | D:2      | Killed Natasha
  2252 | D:2      | Reached skill level 1 in Conjurations
  2252 | D:2      | Reached XP level 5. HP: 11/28 MP: 5/8
  2321 | D:2      | Noticed Natasha
  2328 | D:2      | Killed Natasha
  2328 | D:2      | Reached skill level 5 in Earth Magic
  2925 | D:3      | Reached XP level 6. HP: 10/32 MP: 2/10
  3202 | D:3      | Found a runed translucent door.
  3371 | D:3      | Noticed zergursh's ghost (amateur DrTm)
  3995 | D:4      | Found a transporter.
  3995 | D:4      | Found a transporter.
  4002 | D:4      | Identified the +0 buckler of the Ten Songs {*Drain rElec
                  | Regen+}
  4023 | D:4      | Noticed ioannis32's ghost (novice DsBe)
  4080 | D:4      | Found a staircase to the Ecumenical Temple.
  4108 | Temple   | Entered the Ecumenical Temple
  4270 | Temple   | Became a worshipper of Ashenzari the Shackled
  4291 | D:4      | Reached XP level 7. HP: 26/36 MP: 11/11
  4682 | D:4      | Found Unwesol's Jewellery Shop.
  4788 | D:5      | Entered Level 5 of the Dungeon
  5237 | D:5      | Learned a level 4 spell: Petrify
  5488 | D:5      | Reached XP level 8. HP: 41/41 MP: 13/13
  5534 | D:5      | Reached * piety under Ashenzari
  6279 | D:6      | Noticed a two-headed ogre
  6289 | D:6      | Killed a two-headed ogre
  6289 | D:6      | Reached skill level 5 in Stealth
  6289 | D:6      | Reached XP level 9. HP: 26/45 MP: 6/15
  7654 | D:7      | Reached skill level 5 in Conjurations
  7738 | D:7      | Reached skill level 5 in Spellcasting
  7753 | D:7      | Reached ** piety under Ashenzari
  8306 | D:7      | Noticed a moth of wrath
  8350 | D:7      | Found a bloodstained altar of Trog.
  8351 | D:7      | Identified the +7 quarterstaff "Biluebithere" {antimagic,
                  | rPois MR+ Str+3 Int+2}
  8504 | D:8      | Reached skill level 10 in Earth Magic
  8577 | D:8      | Found a stormy altar of Qazlal.
  8577 | D:8      | Found a shimmering altar of Xom.
  8973 | D:8      | Reached XP level 10. HP: 50/50 MP: 13/18
  9265 | D:8      | Reached skill level 5 in Dodging
  9448 | D:8      | Learned a level 5 spell: Lee's Rapid Deconstruction
  9791 | D:9      | Noticed Gastronok
  9806 | D:9      | Killed Gastronok
 10063 | D:9      | Found a staircase to the Lair.
 10209 | D:9      | Noticed Maggie
 10254 | D:9      | Killed Maggie
 10402 | D:9      | Reached XP level 11. HP: 36/60 MP: 0/20
 10436 | D:9      | Reached skill level 1 in Armour
 10821 | D:9      | Noticed a two-headed ogre
 10847 | D:9      | Killed a two-headed ogre
 11118 | D:9      | Found Xijig's Antique Armour Emporium.
 11196 | D:9      | Found a glowing golden altar of the Shining One.
 11196 | D:9      | Found an ornate altar of the Wu Jian Council.
 11264 | D:9      | Found a staircase to the Orcish Mines.
 11516 | D:10     | Entered Level 10 of the Dungeon
 11516 | D:10     | Noticed Psyche
 11530 | D:9      | Killed Psyche
 11593 | D:10     | Noticed a two-headed ogre
 11995 | D:9      | Killed a two-headed ogre
 12502 | D:10     | Noticed Snorg
 12517 | D:10     | Killed Snorg
 12694 | D:10     | Noticed a two-headed ogre
 12805 | D:10     | Killed a two-headed ogre
 12805 | D:10     | Reached skill level 5 in Fighting
 12805 | D:10     | Reached skill level 1 in Shields
 12984 | D:10     | Found a shadowy altar of Dithmenos.
 13089 | D:10     | Reached *** piety under Ashenzari
 13259 | Lair:1   | Entered Level 1 of the Lair of Beasts
 13263 | Lair:1   | Identified the ring of Bumoip Zion {Fire rN+ MR+}
 13499 | Lair:1   | Reached XP level 12. HP: 68/68 MP: 22/22
 15664 | Lair:2   | Learned a level 1 spell: Foxfire
 15668 | Lair:2   | Learned a level 3 spell: Conjure Flame
 15670 | Lair:2   | Learned a level 1 spell: Apportation
 16082 | Lair:2   | Identified the +7 shortbow of Valour {venom, rF+ rC- Str+2}
 16082 | Lair:2   | Reached **** piety under Ashenzari
 16332 | Lair:3   | Reached skill level 5 in Armour
 16517 | Lair:3   | Noticed a death yak
 16518 | Lair:3   | Noticed a death yak
 16523 | Lair:3   | Noticed a death yak
 16523 | Lair:3   | Noticed a death yak
 16539 | Lair:3   | Killed a death yak
 16560 | Lair:2   | Killed a death yak
 16722 | Lair:3   | Noticed a death yak
 16722 | Lair:3   | Noticed a death yak
 16968 | Lair:2   | Killed a death yak
 17024 | Lair:2   | Killed a death yak
 17355 | Lair:2   | Killed a death yak
 17537 | Lair:3   | Killed a death yak
 17706 | Lair:3   | Reached XP level 13. HP: 76/76 MP: 25/25
 17895 | Lair:3   | Found a runed translucent door.
 18128 | Lair:3   | Found a staircase to the Shoals.
 19184 | Lair:4   | Found a staircase to the Snake Pit.
 19605 | Lair:4   | Reached ***** piety under Ashenzari
 20610 | Lair:5   | Found a staircase to the Slime Pits.
 21984 | Lair:6   | Entered Level 6 of the Lair of Beasts
 22011 | Lair:5   | Gained mutation: Your large and strong wings let you fly
                  | indefinitely. [Gargoyle growth]
 22011 | Lair:5   | Reached XP level 14. HP: 81/86 MP: 4/27
 22641 | D:4      | Bought the ring of the Nine Lives {rPois rF- rC++ AC+4
                  | Slay+3 Stlth+} for 950 gold pieces
 23302 | Lair:5   | Reached skill level 10 in Spellcasting
 23725 | Lair:6   | Learned a level 4 spell: Sticky Flame
 23996 | Lair:6   | Reached skill level 1 in Fire Magic
 24486 | Lair:5   | Reached skill level 10 in Stealth
 26001 | Lair:6   | Reached skill level 10 in Dodging
 26018 | Lair:6   | Found the ring of Phasing {EV+8}
 26027 | Lair:6   | Got the cursed kite shield of the Turtledove {Dex+4 Slay+2}
 26634 | Lair:6   | Reached XP level 15. HP: 90/90 MP: 26/30
 26891 | Lair:6   | Identified Estiony's Incunabulum of the Volcanoes
 28033 | Lair:3   | Identified the cursed +1 great mace "Ikietena" {distort,
                  | *Drain rPois rF+ Stlth+}
 28062 | Lair:3   | Identified the cursed +0 kite shield of the Turtledove
                  | {Dex+4 Slay+2} (You found it on level 6 of the Lair of
                  | Beasts)
 28441 | D:11     | Reached skill level 5 in Transmutations
 29144 | D:11     | Found Vimnuameudgh's General Store.
 30015 | D:12     | Reached ****** piety under Ashenzari
 30116 | D:9      | Bought a slimy cloak for 285 gold pieces
 30116 | D:9      | Identified the +1 cloak "Zomel" {rC- Str+2 Dex+9} (You
                  | bought it in a shop on level 9 of the Dungeon)
 30188 | D:11     | Bought a scroll of identify for 36 gold pieces
 30713 | D:12     | Got the uncursed pair of boots "Yruom" {*Corrode rElec
                  | Int+4}
 31155 | D:12     | Reached skill level 5 in Shields
 31180 | D:12     | Identified the ring of Henuimou {+Fly Str+6}
 31538 | D:13     | Found a flagged portal.
 31583 | Bailey   | Entered a bailey
 32257 | Orc:1    | Entered Level 1 of the Orcish Mines
 32436 | D:9      | Reached XP level 16. HP: 95/96 MP: 13/31
 32771 | Orc:1    | Found Erorazas's Jewellery Emporium.
 33027 | Orc:2    | Entered Level 2 of the Orcish Mines
 33342 | Orc:2    | Found a radiant altar of Vehumet.
 33478 | Orc:1    | Reached skill level 10 in Fighting
 33485 | Orc:1    | Learned a level 5 spell: Bolt of Magma
 33979 | Orc:2    | Found a staircase to the Elven Halls.
 34025 | Orc:2    | Killed from afar by an orc high priest

Illustrated notes

Levels and vault maps discovered:
D:1:      mainiacjoe_arrival_reflecting_pool, layout_basic
D:2:      layout_basic, uniq_natasha, uniq_jessica
D:3:      layout_basic, ebering_ghost_sewer_d, first_ration
D:4:      layout_basic, minmay_temple_entry_mini_moons, serial_shops, shop,
          gammafunk_ghost_gnarly_gnolls, grunt_ministairs_1
D:5:      kennysheep_six_static_rooms, layout_gridville, grunt_ministairs_13,
          lightli_corner_chamber
D:6:      layout_loops_corners
D:7:      layout_rooms, tgw_trog
D:8:      cheibrodos_helix_gallery, layout_basic,
          chequers_temple_overflow_statue_of_worship
D:9:      layout_loops_ring, gammafunk_temple_overflow_wave,
          erik_lair_orcish_takeover, orc_0_dummy, special_room
          [special_room_bee], serial_shops, nicolae_shop_overgrown_old_shop,
          hangedman_fish_farm, minmay_misc_feat_five, uniq_gastronok,
          uniq_maggie
D:10:     layout_rooms, grunt_dithmenos_smoke_and_mirrors, uniq_snorg,
          uniq_psyche
D:11:     layout_stronghold, serial_shops, nicolae_shop_statue_plus
D:12:     minmay_the_grid_triangle_9x9_line_8_mashed
          [minmay_the_grid_triangle_9x9_thin_v,
          minmay_the_grid_triangle_9x9_wacky_v,
          minmay_the_grid_triangle_9x9_cache,
          minmay_the_grid_triangle_9x9_minimal,
          minmay_the_grid_triangle_9x9_corrupted_corridor,
          minmay_the_grid_triangle_9x9_windchime,
          minmay_the_grid_triangle_9x9_descending_squares,
          minmay_the_grid_triangle_9x9_prize_center], layout_rooms
D:13:     layout_irregular_city, enter_bailey_3
Temple:   minmay_crystal_spiral_temple
Lair:1:   layout_misc_corridors, serial_bayou_shore_a,
          minmay_lair_oklob_chamber, grunt_megastairs_4
Lair:2:   layout_cellular_growth, grunt_megastairs_2
Lair:3:   gammafunk_mikee_crab_dinner, layout_cave_pods,
          minmay_shoals_entry_hut, serial_forest, infiniplex_forest_pool,
          infiniplex_forest_straight_5, infiniplex_forest_clump_tiny,
          infiniplex_forest_end_1, infiniplex_forest_clump_long,
          infiniplex_forest_straight_1, infiniplex_forest_straight_5
Lair:4:   layout_regular_city, minmay_snake_entry_six_corridors
Lair:5:   layout_misc_corridors, minmay_slime_entry_jelly_boxes, st_stairs_12,
          serial_bayou_ford_a
Lair:6:   gammafunk_lair_ancient_temple, layout_cave_pods,
          chequers_serial_rivers_small_3
Orc:1:    layout_caves, serial_shops, shop, guppyfry_library_mini
Orc:2:    st_orc_mages, layout_caves, basic_altar, serial_shops, shop_fountains

Skill      XL: |  1  2  3  4  5  6  7  8  9 10 11 12 13 14 15 16 |
---------------+-------------------------------------------------+-----
Earth Magic    | 4 5 6 8 10 11 12 | 12.2
Short Blades   | 1 2 3 |  3.0
Dodging        | 2 3 4 5 6 7 9 10 11 | 11.1
Stealth        | 3 4 5 6 8 9 11 12 | 12.8
Conjurations   | 1 2 4 5 6 |  6.0
Spellcasting   | 3 4 5 6 7 8 9 11 12 | 12.0
Fighting       | 3 5 7 9 10 | 10.0
Transmutations | 2 3 4 5 |  5.9
Armour         | 4 6 8 9 |  9.0
Shields        | 1 4 5 6 |  6.1
Fire Magic     | 2 |  2.7
Evocations     | |  0.4

Action                   |  1- 3 |  4- 6 |  7- 9 | 10-12 | 13-15 | 16-18 || total
-------------------------+-------+-------+-------+-------+-------+-------++-------
Melee: Short sword       |    62 |       |       |       |       |       ||    62
       Unarmed           |     2 |       |       |       |       |       ||     2
       Dagger            |    18 |   154 |   360 |   537 |  1372 |   167 ||  2608
Throw: Boomerang         |       |       |       |     6 |       |       ||     6
 Cast: Sandblast         |    12 |    16 |    54 |    61 |    29 |       ||   172
       Stone Arrow       |       |     1 |    28 |    94 |    50 |       ||   173
       Petrify           |       |       |       |    34 |   231 |    29 ||   294
       Passwall          |       |       |       |     6 |     6 |       ||    12
       Lee's Rapid Decon |       |       |       |    49 |    52 |    10 ||   111
       Foxfire           |       |       |       |     2 |       |       ||     2
       Sticky Flame      |       |       |       |       |     6 |       ||     6
Invok: Curse Item        |       |     2 |     1 |     3 |     1 |       ||     7
 Abil: Fly               |       |       |       |       |     1 |       ||     1
Evoke: Wand              |       |       |       |    19 |       |       ||    19
  Use: Scroll            |     7 |       |     6 |     3 |    19 |       ||    35
       Potion            |       |       |       |       |     2 |       ||     2
 Stab: Sleeping          |     5 |     3 |    12 |    16 |    39 |     2 ||    77
       Distracted        |       |       |     1 |       |     1 |       ||     2
       Petrified         |       |       |       |    33 |   119 |    10 ||   162
       Petrifying        |       |       |       |     2 |    69 |     6 ||    77
  Eat: Chunk             |     3 |     5 |    15 |    31 |    65 |     9 ||   128
       Ration            |       |     1 |       |     6 |     3 |       ||    10
Armor: Robe              |    30 |    48 |   135 |    18 |       |       ||   231
       Steam dragon scal |       |       |       |   204 |   429 |    27 ||   660
Dodge: Dodged            |    61 |    86 |   232 |   444 |  1094 |    86 ||  2003
Block: Buckler           |       |       |       |    31 |   216 |       ||   247
       Kite shield       |       |       |       |       |   189 |    68 ||   257
